 Dungeon Crawl Stone Soup version 0.30-a0-368-g86fb4627a9 (webtiles) character file.

Game seed: 11814906648616576757

564 lunkers the Digger (level 7, -1/50 HPs)
             Began as a Meteoran Earth Elementalist on Nov 19, 2022.
             Slain by an orc warrior
             ... wielding a +3 glaive
              (21 damage)
             ... in the Ecumenical Temple.
             The game lasted 00:02:47 (1466 turns).

lunkers the Digger (Meteoran Earth Elementalist)    Turns: 1466, Time: 00:02:47

Health: -1/50      AC:  2    Str: 17    XL:     7   Next: 89%
Magic:  9/15       EV: 12    Int: 18    God:
Gold:   151        SH:  0    Dex: 16    Spells: 10/16 levels left

rFire   . . .      SeeInvis .    h - +8 mace "Wethrine" {flame, rPois Will+ Str+2 Stlth-}
rCold   . . .      Faith    .    (no shield)
rNeg    . . .      Spirit   .    a - +0 robe
rPois   +          Reflect  .    (no helmet)
rElec   .          Harm     .    (no cloak)
rCorr   .          Rampage  .    (no gloves)
Will    +....                    (no boots)
Stlth   +.........               (no amulet)
HPRegen 0.28/turn                j - +6 ring of strength
MPRegen 0.14/turn                (no ring)

@: glowing
A: sense surroundings 1, otherworldly, glowing, explore regen
a: no special abilities


You were in the Ecumenical Temple.
You visited 2 branches of the dungeon, and saw 6 of its levels.

You collected 151 gold pieces.

Inventory:

Hand Weapons
 h - the +8 mace "Wethrine" (weapon) {flame, rPois Will+ Str+2 Stlth-}
   (You found it on level 2 of the Dungeon)

   It burns those it strikes, dealing additional fire damage.
   Str:       It affects your strength (+2).
   rPois:     It protects you from poison.
   Will:      It increases your willpower.
   Stlth:     It makes you less stealthy.
Armour
 a - a +0 robe (worn)
Jewellery
 j - a +6 ring of strength (left hand)
Wands
 g - a wand of charming (11)
Scrolls
 c - 3 scrolls of identify {unknown}
 e - 2 scrolls of immolation {unknown}
 f - 3 scrolls of amnesia {unknown}
 i - 2 scrolls of magic mapping {unknown}
 k - 2 scrolls of teleportation {unknown}
 m - a scroll of fog {unknown}
Potions
 b - a potion of magic
 d - 2 potions of curing {unknown}
 l - a potion of ambrosia {unknown}
 n - a potion of attraction {unknown}


   Skills:
 * Level 5.0 Maces & Flails
 - Level 2.4 Dodging
 - Level 1.4 Stealth
 + Level 5.1 Spellcasting
 - Level 1.2 Transmutations
 * Level 7.3 Earth Magic


You had 10 spell levels left.
You knew the following spells:

 Your Spells              Type           Power      Damage    Failure   Level
b - Passwall              Tmut/Erth      15%        N/A       3%          2
c - Stone Arrow           Conj/Erth      34%        3d9       9%          3
p - Sandblast             Erth           60%        2d14      1%          1

Your spell library contained the following spells:

 Spells                   Type           Power      Damage    Failure   Level
 Sting                    Tmut/Pois      24%        1d4       11%         1
 Kiss of Death            Conj/Necr      16%        2d6       13%         1
 Summon Small Mammal      Summ           16%        N/A       13%         1
 Poisonous Vapours        Pois/Air       8%         N/A       21%         2
 Petrify                  Tmut/Erth      19%        N/A       22%         4
 Ignite Poison            Fire/Tmut/Pois 6%         N/A       32%         3
 Call Canine Familiar     Summ           4%         N/A       36%         3
 Confusing Touch          Hex            4%         N/A       36%         3
 Summon Guardian Golem    Hex/Summ       4%         N/A       36%         3
 Dispel Undead            Necr           4%         3d7       78%         4
 Olgreb's Toxic Radiance  Pois           4%         N/A       78%         4
 Sticky Flame             Conj/Fire      4%         2d3       78%         4
 Ignition                 Fire           2%         3d3       100%        8


Dungeon Overview and Level Annotations

Branches:
Dungeon (7/15) Zot: 1486   Temple (1/1) D:7 Zot: 597

Altars:
Nemelex Xobeh


Innate Abilities, Weirdness & Mutations

You passively map a small area around you.
You are easily found by Zot.
You glow in the dark.
You regain HP and MP as you explore.


Message History

* * * LOW HITPOINT WARNING * * *
The orc warrior hits you with a +3 glaive.
* * * LOW HITPOINT WARNING * * *
The orc priest barely misses you. The bullfrog barely misses you.
You climb downwards.
Welcome to the Ecumenical Temple!
There is a staircase back to the Dungeon here.
Unknown command.
Unknown command.
Unknown command.
Aiming: Sandblast (safe; 1% risk of failure)
Press: ? - help, Q - select action, (/) - cycle Shift-Dir - straight line, f - orc priest
Aim: an orc priest, wielding a +0 hand axe and wearing a +0 leather armour (almost dead, 84% to hit)
Okay, then.
Casting: Sandblast (safe; 1% risk of failure)
Confirm with . or Enter, or press ? or * to list all spells.
Aiming: Stone Arrow (dangerous; 9% risk of failure)
Press: ? - help, Shift-Dir - straight line, f - orc warrior
Aim: an orc warrior, wielding a +3 glaive and wearing a +0 chain mail (64% to hit)
The stone arrow hits the orc warrior!
The orc warrior is heavily wounded.
The orc misses you.
The orc priest calls upon Beogh to heal the orc warrior.
The orc warrior is healed somewhat.
The orc wizard hits you with a +0 dagger.
The orc warrior barely misses you.
Unknown command.
Casting: Stone Arrow (dangerous; 9% risk of failure)
Confirm with . or Enter, or press ? or * to list all spells.
Aiming: Stone Arrow (dangerous; 9% risk of failure)
Press: ? - help, Shift-Dir - straight line, f/p - orc warrior
Aim: an orc warrior, wielding a +3 glaive and wearing a +0 chain mail (moderately wounded, 64% to hit)
The stone arrow hits the orc warrior!
The orc warrior is heavily wounded.
The orc hits you with a +0 dagger.
The orc priest calls down the wrath of Beogh upon you.
Beogh smites you!
* * * LOW HITPOINT WARNING * * *
The orc wizard misses you.
The orc warrior hits you with a +3 glaive!!
You die...

* * * , ,, ,
.### ###.
....### ###....
.......#.......
,,
.⌠...........⌠.
*
......o.o......,
,
.......@o......
*
≈≈....o......≈≈
≈≈≈≈≈.....≈≈≈≈≈
,
.≈≈≈≈≈≈≈≈≈≈≈≈≈.
*
,.≈≈≈≈≈≈≈≈≈≈≈≈≈.
, ,
.≈≈≈≈≈≈≈≈≈≈≈≈≈.
..≈≈≈≈≈≈≈≈≈≈≈..,
,
..≈≈≈≈≈≈≈≈≈≈≈..
,* ,


You could see an orc warrior, an orc priest, an orc wizard and an orc.

Vanquished Creatures
  A steam dragon (D:7)
  An ice beast (D:7)
  A centaur (D:7)
  A phantom (D:7)
  An orc priest (D:7)
  A hound (D:7)
  An orc wizard (D:7)
  3 adders (D:2)
  An ufetubus (D:4)
  2 worms (D:2)
  5 dart slugs
  2 orcs (D:7)
  4 ball pythons
  4 bats
  3 endoplasms
  A giant cockroach (D:1)
  7 hobgoblins
  2 jackals (D:2)
  3 kobolds
  4 quokkas (D:2)
  3 frilled lizards
  4 goblins
  6 rats
61 creatures vanquished.

Notes
Turn   | Place    | Note
-------+----------+-------------------------------------------
     0 | D:1      | lunkers the Meteoran Earth Elementalist began the quest for
                  | the Orb.
     0 | D:1      | Reached XP level 1. HP: 14/14 MP: 5/5
    29 | D:1      | Reached XP level 2. HP: 18/20 MP: 1/6
    30 | D:1      | Reached skill level 4 in Earth Magic
   246 | D:1      | Reached XP level 3. HP: 26/26 MP: 6/8
   394 | D:2      | Reached XP level 4. HP: 33/33 MP: 7/10
   422 | D:2      | Reached skill level 5 in Earth Magic
   497 | D:2      | Identified the +8 mace "Wethrine" {flame, rPois Will+ Str+2
                  | Stlth-}
   519 | D:2      | Learned a level 2 spell: Passwall
   523 | D:2      | Learned a level 3 spell: Stone Arrow
   552 | D:2      | Reached XP level 5. HP: 38/38 MP: 9/11
   758 | D:3      | Found a faded altar of an unknown god.
  1185 | D:4      | Found a sparkling altar of Nemelex Xobeh.
  1248 | D:4      | Reached skill level 1 in Maces & Flails
  1248 | D:4      | You fall into a shaft and drop 3 floors!
  1273 | D:7      | Reached XP level 6. HP: 24/45 MP: 6/13
  1319 | D:7      | Noticed an ice beast
  1324 | D:7      | Killed an ice beast
  1325 | D:7      | Reached skill level 6 in Earth Magic
  1380 | D:7      | Noticed a steam dragon
  1390 | D:7      | Killed a steam dragon
  1391 | D:7      | Reached XP level 7. HP: 14/50 MP: 4/15
  1399 | D:7      | Reached skill level 7 in Earth Magic
  1426 | D:7      | Reached skill level 5 in Spellcasting
  1430 | D:7      | Reached skill level 5 in Maces & Flails
  1453 | D:7      | Found a staircase to the Ecumenical Temple.
  1464 | Temple   | Entered the Ecumenical Temple
  1466 | Temple   | Slain by an orc warrior

Illustrated notes

Levels and vault maps discovered:
D:1:      psy_arrival_statuary, layout_rooms, serial_bayou_pond_c
D:2:      layout_loops_ring
D:3:      layout_loops_ring, mainiacjoe_overflow_24_doors,
          ebering_ecumenical_altar_box
D:4:      layout_basic, mainiacjoe_overflow_six_doors_small,
          nicolae_overflow_hallway_of_the_gods, gammafunk_ghost_icy,
          serial_forest, infiniplex_forest_pool, infiniplex_forest_lined_2,
          infiniplex_forest_end_2, infiniplex_forest_straight_3,
          infiniplex_forest_straight_2, infiniplex_forest_end_1,
          infiniplex_forest_end_1, infiniplex_forest_lined_ring, uniq_menkaure
D:7:      layout_loops_ring, lemuel_zombie_altar_kikubaaqudgha,
          minmay_temple_entry_tees, enter_bailey_7, serial_bayou_pond_c
Temple:   nicolae_temple_superstar

Skill      XL: |  1  2  3  4  5  6  7 |
---------------+----------------------+-----
Earth Magic    | 4 5 6 7 |  7.3
Spellcasting   | 3 4 5 |  5.1
Maces & Flails | 2 4 5 |  5.0
Dodging        | |  2.4
Stealth        | |  1.4
Transmutations | |  1.2

Action                   |  1- 3 |  4- 6 |  7- 9 || total
-------------------------+-------+-------+-------++-------
Melee: Mace              |       |    15 |     6 ||    21
 Cast: Sandblast         |    34 |    48 |     8 ||    90
       Stone Arrow       |       |     2 |     2 ||     4
Armor: Robe              |       |     6 |     1 ||     7
Dodge: Dodged            |     1 |    21 |    15 ||    37

Table legend: (Time is in decaauts)
 A = Elapsed time spent in this place.
 B = Non-inter-level travel time spent in this place.
 C = Inter-level travel time spent in this place.
 D = Time resting spent in this place.
 E = Time spent auto-exploring this place.
 F = Levels seen in this place.
 G = Mean time per level.
                   A        B        C        D        E       F      G
               +--------+--------+--------+--------+--------+-----+--------+
         Total |   1515 |   1436 |     79 |      0 |   1093 |   6 |  252.5 |
       Dungeon |   1513 |   1434 |     79 |      0 |   1093 |   5 |  302.6 |
        Temple |      1 |      1 |      0 |      0 |      0 |   1 |    1.0 |
               +--------+--------+--------+--------+--------+-----+--------+

Top non-repeatable levels by time:
     D:3: 462 daAuts
     D:2: 432 daAuts
     D:1: 305 daAuts
     D:7: 230 daAuts
     D:4: 83 daAuts
  Temple: 1 daAuts
